AoeStats
← francoishurdebise

Arena

510375129Analyzed
1v1 RM · 2d ago on Sep 30, 2026· 46m 29s· 2 players
Game mode
Random Map
Map size
Tiny (2 player)
Population
200
Speed
Normal
Resources
Standard
Victory
Conquest
Starting age
Dark Age
Ending age
Imperial Age
RankedLock teamsTeams togetherTeam positionsShared explorationLock speedFull tech treeHidden civsTurbo modeCheats
Victory
Defeat
🇺🇸 Bohemians · United States
572
+15
🇧🇪 Franks · Belgium
556
-29
francoishurdebise
16:18 Feudal Age
17:40 Wheelbarrow
16:58 Stone Mining
17:26 Double-Bit Axe
18:06 Gold Mining
20:16 Forging
26:41 Castle Age
28:47 Hand Cart
29:11 Bow Saw
29:44 Gold Shaft Mining
30:28 Husbandry
33:27 Iron Casting
32:53 Scale Mail Armor
37:40 Chain Mail Armor
37:31 Scale Barding Armor
38:10 Padded Archer Armor
41:32 Imperial Age
39:53 Chain Barding Armor
42:58 Plate Barding Armor
43:09 Plate Mail Armor
43:45 Elite Throwing Axeman
46:10 Cavalier
Grasshopper
9:56 Feudal Age
10:20 Horse Collar
10:28 Double-Bit Axe
17:05 Castle Age
19:04 Heavy Plow
19:15 Bow Saw
21:14 Town Watch
26:18 Wheelbarrow
28:39 Hand Cart
28:28 Town Patrol
32:15 Chemistry
31:36 Ballistics
31:12 Murder Holes
31:28 Masonry
31:12 Fletching
34:20 Wagenburg Tactics
37:52 Imperial Age
37:58 Imperial Age
35:29 Bodkin Arrow
37:35 Scale Mail Armor
37:46 Forging
37:51 Loom
38:07 Houfnice
38:54 Squires
38:15 Pikeman
40:03 Conscription
39:15 Halberdier
39:40 Arson
41:20 Two-Man Saw
40:23 Bracer
40:59 Iron Casting
40:39 Chain Mail Armor
41:00 Architecture
40:35 Siege Engineers
40:51 Bombard Tower
43:30 Blast Furnace
Connection lost

Rejoining the realm…

Still unreachable

The connection could not be restored.

Session expired

The server has moved on; the page needs a fresh start.